 Dungeon Crawl Stone Soup version 0.24.1 (webtiles) character file.

Game seed: 9253971225936736891, levelgen mode: deterministic

3006 lepoulpe303 the Covert (level 9, -2/61 (62) HPs)
             Began as an Octopode Assassin on Apr 5, 2020.
             Was a Believer of Ashenzari.
             Slain by a crocodile (9 damage)
             ... on level 7 of the Dungeon.
             The game lasted 00:26:24 (8999 turns).

lepoulpe303 the Covert (Octopode Assassin)          Turns: 8999, Time: 00:26:25

HP:   -2/61 (62)    AC:  3    Str: 12    XL:     9   Next: 84%
MP:   9/9           EV: 19    Int: 15    God:    Ashenzari [**....]
Gold: 399           SH:  0    Dex: 16    Spells: 8/8 levels left

rFire    . . .     SeeInvis .   a - +2 short sword (venom)
rCold    . . .     Gourm    .   (no shield)
rNeg     . . .     Faith    .   y - +2 hat (curse)
rPois    .         Spirit   .   h - amulet of magic regeneration
rElec    .         Reflect  .   j - +3 ring of dexterity (curse)
rCorr    .         Harm     .   (no ring)
MR       .....                  (no ring)
Stlth    ++++++....             (no ring)
HPRegen  0.20/turn              (no ring)
MPRegen  0.36/turn              (no ring)
                                (no ring)
                                (no ring)

@: slowed, very slow
A: almost no armour, stealthy swim, amphibious, 8 rings, constrict 8, camouflage
1, gelatinous body 1
a: Curse Item, Scrying, Renounce Religion


You were on level 7 of the Dungeon.
You worshipped Ashenzari.
Ashenzari was pleased with you.
You were very hungry.

You visited 1 branch of the dungeon, and saw 7 of its levels.

You collected 399 gold pieces.

Inventory:

Hand Weapons
 a - a +2 short sword of venom (weapon)
Missiles
 b - 42 poisoned darts (quivered)
 c - 2 curare-tipped darts
 d - a throwing net {=f}
 A - 6 atropa-tipped darts
Armour
 y - a cursed +2 hat (worn)
Jewellery
 h - an amulet of magic regeneration (around mantle)
 j - a cursed +3 ring of dexterity (left tentacle)
 q - an uncursed ring of fire {rF+, rC-}
 z - an uncursed ring of ice {rC+, rF-}
 D - an uncursed ring of fire {rF+, rC-}
Wands
 v - a wand of paralysis (13)
 B - a wand of flame (15)
Scrolls
 g - 2 scrolls of magic mapping {unknown}
 i - 7 scrolls of identify
 k - a scroll of blinking {unknown}
 l - a scroll of immolation {unknown}
 m - a scroll of fear {unknown}
 o - 2 scrolls of teleportation {unknown}
 p - a scroll of fog {unknown}
 s - 3 scrolls of enchant weapon {unknown}
 w - a scroll of remove curse
 x - 2 scrolls of random uselessness {unknown}
Potions
 f - 2 potions of flight {unknown}
 n - 5 potions of curing {unknown}
 r - 2 potions of haste {unknown}
 t - a potion of lignification {unknown}
 u - 2 potions of agility {unknown}
 C - a potion of heal wounds {unknown}
 E - a potion of berserk rage {unknown}
Comestibles
 e - 6 rations
 F - 6 chunks of flesh


   Skills:
 + Level 6.2 Fighting
 + Level 6.3 Short Blades
 + Level 6.1 Throwing
 + Level 6.0(8.3) Dodging
 + Level 10.0(12.1) Stealth


You had 8 spell levels left.
You didn't know any spells.
Your spell library was empty.

Dungeon Overview and Level Annotations

Branches:
Dungeon (7/15)             Temple (0/1) D:6

Altars:
Ashenzari
Ru
Uskayaw
Yredelemnul

Shops:
D:6 *


Innate Abilities, Weirdness & Mutations

You cannot wear most types of armour.
You are very stealthy in the water. (Stealth+)
You are amphibious.
You can wear up to eight rings at the same time.
You can use your tentacles to constrict eight enemies at once.
Your skin changes colour to match your surroundings (Stealth+).
Your rubbery body absorbs attacks. (AC +1, EV +1)


Message History

Unknown command.
You hit the wraith but do no damage. The wraith completely misses you.
You hit the wraith. The wraith hits you but does no damage.
You hit the wraith but do no damage. The wraith misses you.
You hit the wraith. The wraith barely misses you.
You closely miss the wraith. You squeeze the wraith.
You destroy the wraith!
Your base Dodging skill increases to level 6!
Your base Stealth skill increases to level 10!
Things that are here:
a +0 dagger; a +0 robe; an orc skeleton You hit the crocodile.
The crocodile is poisoned.
You squeeze the crocodile! The crocodile barely misses you.
The crocodile misses you. The crocodile bites you!
* * * LOW HITPOINT WARNING * * *
You take 14 damage, and have 6/61 hp.
MASSIVE DAMAGE!!
The crocodile bites you!
You die...

#.##..#...#####...).###..##.#
#.##.#...#..##.##.....#..##.#
#.##..#...#...#####......##.#
#.##.#...#..###..####....##.#
#.##..#...####..#..####..##.##
#.##.#..####..#.###..####.#..#
#.##..####}##)#.#.###..##.#..#
#.##### ,#.().#t....###..##..#
#.# , ,#.)###@#.###..####..#
##.# #......#.###..###* #..#
#..####...#.(###.#..### ,*#.)#
#.....###.#..( #..### ,
*#).### #..##...###.##.####*
#..... ##.####...### W*** {{{
* #.)..# #.# ###...###.{ {
#.[#.# #.# #.##...####, *,,
#..#.# ##.## #.####....###,,*
{ #..#.#


You could see a crocodile.

Levels and vault maps discovered:
D:1:      lightli_arrival_isolated_outpost, layout_basic
D:2:      layout_loops_ring, dancing_weapons_uskayaw,
          amethyst_overflow_temple_binary, serial_bayou_ford_a,
          minmay_joined_circles
D:3:      kennysheep_the_goblin_king, layout_loops_corners
D:4:      layout_rooms, overflow_temple_1_default, first_ration, minmay_vboxes
D:5:      layout_basic, kennysheep_generic_room_6
D:6:      layout_layer_cave, minmay_temple_entry_glassed_door, serial_shops,
          shop_fountains, uniq_pikel, uniq_crazy_yiuf_cottage
D:7:      minmay_the_grid_triangle_9x9_rhombus_full
          [minmay_the_grid_triangle_9x9_longest,
          minmay_the_grid_triangle_9x9_pentomino_pain,
          minmay_the_grid_triangle_9x9_steps,
          minmay_the_grid_triangle_9x9_checkered,
          minmay_the_grid_triangle_9x9_zippers_horizontal,
          minmay_the_grid_triangle_9x9_alien,
          minmay_the_grid_triangle_9x9_windchime,
          minmay_the_grid_triangle_9x9_prize_schism], layout_loops_ring

Notes
Turn   | Place    | Note
-------+----------+-------------------------------------------
     0 | D:1      | lepoulpe303 the Octopode Assassin began the quest for the
                  | Orb.
     0 | D:1      | Reached XP level 1. HP: 14/14 MP: 1/1
    73 | D:1      | Identified a +0 club
   107 | D:1      | Identified a +0 club
   314 | D:1      | Identified a +0 club
   319 | D:1      | Reached XP level 2. HP: 17/19 MP: 2/2
   467 | D:1      | Identified a +0 short sword
   487 | D:1      | Identified a +0 club
   809 | D:1      | Reached XP level 3. HP: 24/24 MP: 3/3
   910 | D:1      | Identified a +0 club
  1253 | D:2      | Identified a +0 flail
  1253 | D:2      | Identified a +0 club
  1287 | D:1      | Reached XP level 4. HP: 11/30 MP: 4/4
  1483 | D:2      | Identified a +0 whip
  1520 | D:1      | Reached skill level 2 in Dodging
  1769 | D:2      | Found a shattered altar of Ashenzari.
  1769 | D:2      | Found a sacrificial altar of Ru.
  1776 | D:2      | Became a worshipper of Ashenzari the Shackled
  1776 | D:2      | Identified an uncursed amulet of magic regeneration (You
                  | found it on level 1 of the Dungeon)
  1776 | D:2      | Identified an uncursed ring of dexterity (You found it on
                  | level 1 of the Dungeon)
  1954 | D:2      | Reached skill level 6 in Stealth
  1975 | D:2      | Identified a +0 halberd
  2020 | D:2      | Identified a +0 dagger
  2020 | D:2      | Noticed a +0 dagger
  2021 | D:2      | Found a hide-covered altar of Uskayaw.
  2022 | D:2      | Identified a +0 dagger
  2022 | D:2      | Noticed a +0 dagger
  2048 | D:2      | Identified a ring of fire
  2162 | D:2      | Reached XP level 5. HP: 36/36 MP: 5/5
  2165 | D:2      | Identified a +0 club
  2166 | D:2      | Identified a +0 club
  2515 | D:3      | Identified a +0 club
  2699 | D:3      | Identified a +0 club
  2706 | D:3      | Reached skill level 3 in Short Blades
  3010 | D:3      | Identified a +0 club
  3010 | D:3      | Identified a +0 halberd
  3011 | D:3      | Identified a +0 whip
  3022 | D:3      | Reached skill level 3 in Fighting
  3022 | D:3      | Reached skill level 3 in Throwing
  3257 | D:3      | Noticed a hungry ghost
  3258 | D:3      | Reached * piety under Ashenzari
  3267 | D:3      | Killed a hungry ghost
  3267 | D:3      | Reached XP level 6. HP: 39/42 MP: 6/6
  3293 | D:3      | Identified a +0 spear
  3294 | D:3      | Identified a +0 spear
  3295 | D:3      | Identified a +0 spear
  3322 | D:3      | Identified a +0 war axe
  3322 | D:3      | Identified a +0 scale mail
  3323 | D:3      | Identified a +0 war axe
  3570 | D:3      | Identified a +0 short sword
  3632 | D:3      | Reached skill level 3 in Dodging
  3699 | D:3      | Identified a +0 dagger
  3699 | D:3      | Identified a +0 club
  3700 | D:3      | Identified a +0 club
  3702 | D:3      | Identified a +0 club
  3720 | D:3      | Identified a +0 dagger
  3720 | D:3      | Identified a +0 chain mail
  3720 | D:3      | Noticed Ijyb
  3741 | D:3      | Killed Ijyb
  3921 | D:3      | Reached XP level 7. HP: 28/46 MP: 7/7
  4131 | D:4      | Identified a ring of ice
  4136 | D:4      | Identified 4 scrolls of identify
  4136 | D:4      | Identified 3 potions of degeneration
  4138 | D:4      | Identified a +0 war axe
  4139 | D:4      | Reached skill level 7 in Stealth
  4170 | D:4      | Identified a +0 flail
  4171 | D:4      | Identified a cursed +0 flail
  4171 | D:4      | Identified a +0 leather armour
  4172 | D:4      | Identified a +0 dagger
  4172 | D:4      | Identified a +0 robe
  4172 | D:4      | Identified a +0 dagger
  4181 | D:4      | Identified a +0 mace
  4223 | D:4      | Identified a +2 hat (You found it on level 4 of the
                  | Dungeon)
  4232 | D:4      | Found a basalt altar of Yredelemnul.
  4728 | D:4      | Identified a +0 giant club
  4745 | D:4      | HP: 11/47 [ogre/+0 giant club (22)]
  4746 | D:4      | Reached skill level 4 in Short Blades
  5080 | D:5      | Entered Level 5 of the Dungeon
  5159 | D:5      | Identified a +0 spear
  5159 | D:5      | Identified a +0 robe
  5161 | D:5      | Identified a +0 halberd
  5161 | D:5      | Identified a +0 leather armour
  5165 | D:5      | Identified a +4 long sword of freezing
  5165 | D:5      | Identified a +0 robe
  5200 | D:5      | Reached skill level 4 in Fighting
  5200 | D:5      | Reached skill level 4 in Throwing
  5329 | D:5      | Identified a +0 scimitar
  5329 | D:5      | Identified a +0 ring mail
  5414 | D:5      | HP: 10/47 [wight/+0 scimitar (11)]
  5693 | D:5      | Reached XP level 8. HP: 53/53 MP: 8/8
  5807 | D:5      | Reached skill level 4 in Dodging
  5904 | D:5      | Reached skill level 8 in Stealth
  6329 | D:5      | Identified a +0 dagger
  6329 | D:5      | Identified a +0 robe
  6382 | D:5      | HP: 12/53 [hound (2)]
  6387 | D:5      | HP: 12/53 [sky beast (1)]
  6405 | D:5      | HP: 6/53 [hound (4)]
  6411 | D:5      | HP: 3/53 [hound (4)]
  6414 | D:5      | HP: 1/53 [hound (2)]
  6554 | D:5      | HP: 11/53 [sky beast (5)]
  6884 | D:6      | Reached ** piety under Ashenzari
  6986 | D:6      | Found a staircase to the Ecumenical Temple.
  7155 | D:6      | Found a runed translucent door.
  7156 | D:6      | Identified a +2 quarterstaff of chaos
  7156 | D:6      | Identified a +0 cloak
  7156 | D:6      | Noticed Crazy Yiuf
  7169 | D:6      | Killed Crazy Yiuf
  7278 | D:6      | Found Jirob's General Store.
  7290 | D:6      | Reached skill level 5 in Short Blades
  7302 | D:6      | Identified a +0 hand axe
  7302 | D:6      | Identified a +0 chain mail
  7305 | D:6      | Identified a +1 helmet
  7419 | D:6      | Identified a +2 whip of freezing
  7419 | D:6      | Identified a +0 robe
  7419 | D:6      | Noticed Pikel
  7453 | D:6      | Killed Pikel
  7453 | D:6      | Reached skill level 5 in Fighting
  7453 | D:6      | Reached skill level 5 in Throwing
  7453 | D:6      | Reached skill level 5 in Dodging
  7453 | D:6      | Reached skill level 9 in Stealth
  7453 | D:6      | Reached XP level 9. HP: 60/60 MP: 9/9
  7706 | D:6      | Identified a cursed -3 war axe
  7708 | D:6      | Identified a +0 war axe
  7708 | D:6      | Identified a +0 ring mail
  7710 | D:6      | Identified a cursed -2 trident
  8051 | D:7      | Identified a cursed -1 club
  8051 | D:7      | Identified a +0 chain mail
  8051 | D:7      | Identified a +0 leather armour
  8059 | D:7      | Identified a +0 whip
  8060 | D:7      | Identified a +2 short sword of venom
  8060 | D:7      | Identified a +0 leather armour
  8200 | D:7      | Identified a +0 halberd
  8200 | D:7      | Identified a +0 plate armour
  8200 | D:7      | Identified a cursed -3 club
  8200 | D:7      | Identified a +0 dagger
  8200 | D:7      | Identified a +0 robe
  8200 | D:7      | Identified a +0 ring mail
  8658 | D:7      | Identified a +0 giant club
  8868 | D:7      | Identified a +0 giant spiked club
  8879 | D:7      | Reached skill level 6 in Short Blades
  8901 | D:7      | Reached skill level 6 in Fighting
  8918 | D:7      | Identified a +0 dagger
  8918 | D:7      | Identified a +0 robe
  8918 | D:7      | Identified a +0 hand axe
  8921 | D:7      | Identified a +0 club
  8921 | D:7      | Identified a +0 leather armour
  8932 | D:7      | Reached skill level 6 in Throwing
  8991 | D:7      | Reached skill level 6 in Dodging
  8991 | D:7      | Reached skill level 10 in Stealth
  8997 | D:7      | HP: 6/61 [crocodile (14)]
  8999 | D:7      | Slain by a crocodile

Table legend:
 A = Turns spent in this place as a percentage of turns spent in the entire game.
 B = Non-inter-level travel turns spent in this place as a percentage of non-inter-level travel turns spent in the entire game.
 C = Inter-level travel turns spent in this place as a percentage of turns spent in this place.
 D = Turns resting spent in this place as a percentage of non-inter-level travel turns spent in this place.
 E = Turns spent auto-exploring this place as a percentage of non-inter-level travel turns spent in this place.
 F = Non-inter-level travel turns spent in this place divided by the number of levels of this place that you've seen.
                   A       B       C       D       E      F
               +-------+-------+-------+-------+-------+----------------------
         Total | 100.0 | 100.0 |   2.5 |  27.3 |  51.2 | 1252.9
       Dungeon | 100.0 | 100.0 |   2.5 |  27.3 |  51.2 | 1252.9
               +-------+-------+-------+-------+-------+----------------------

Table legend:
 A = Kills in this place as a percentage of kills in entire the game.
 B = Kills by you in this place as a percentage of kills by you in the entire game.
 C = Kills by friends in this place as a percentage of kills by friends in the entire game.
 D = Other kills in this place as a percentage of other kills in the entire game.
 E = Experience gained in this place as a percentage of experience gained in the entire game.
 F = Experience gained in this place divided by the number of levels of this place that you have seen.
                   A       B       C       D       E      F
               +-------+-------+-------+-------+-------+----------------------
         Total | 100.0 | 100.0 |   N/A |   N/A | 100.0 | 613.6
       Dungeon | 100.0 | 100.0 |   N/A |   N/A | 100.0 | 613.6
               +-------+-------+-------+-------+-------+----------------------

Skill      XL: |  1  2  3  4  5  6  7  8  9 |
---------------+----------------------------+-----
Dodging        | 2 3 5 6 |  6.0
Stealth        | 6 7 9 10 | 10.0
Short Blades   | 3 4 5 6 |  6.3
Fighting       | 3 4 5 6 |  6.2
Throwing       | 3 4 5 6 |  6.1

Action                   |  1- 3 |  4- 6 |  7- 9 || total
-------------------------+-------+-------+-------++-------
Melee: Dagger            |    51 |   114 |   169 ||   334
       Constrict         |    11 |    22 |    45 ||    78
       Tentacles         |     9 |    23 |    56 ||    88
       Short sword       |       |       |   110 ||   110
Throw: Dart              |     1 |    23 |    30 ||    54
Invok: Curse Item        |       |     1 |     1 ||     2
  Use: Scroll            |       |       |     1 ||     1
 Stab: Sleeping          |    10 |    16 |    33 ||    59
  Eat: Chunk             |     1 |     9 |     7 ||    17
       Ration            |       |       |     3 ||     3
Armor: Skin              |       |     7 |    25 ||    32
Dodge: Dodged            |    18 |    63 |   165 ||   246

Vanquished Creatures
  Pikel (D:6)
  A wraith (D:7)
  2 hungry ghosts
  2 slaves (D:6)
  A sky beast (D:5)
  An orc warrior (D:7)
  An ice beast (D:7)
  A necrophage (D:5)
  A phantom (D:5)
  3 ogres
  2 bullfrogs (D:7)
  2 scorpions
  4 wights (D:5)
  A howler monkey (D:7)
  4 crimson imps (D:7)
  3 hounds
  An orc priest (D:7)
  Crazy Yiuf (D:6)
  A jelly (D:6)
  4 orc wizards
  2 centaur skeletons
  Ijyb (D:3)
  An iguana (D:6)
  4 worker ants
  A killer bee zombie (D:7)
  2 hound zombies (D:7)
  A worker ant zombie (D:6)
  12 gnolls
  12 adders
  A shadow imp (D:7)
  An ooze (D:1)
  An adder skeleton (D:6)
  2 worms
  2 dart slugs
  7 leopard geckos
  21 orcs
  4 ball pythons
  8 bats
  3 giant cockroaches
  7 hobgoblins
  4 jackals
  8 kobolds
  4 quokkas
  4 frilled lizards
  10 goblins
  2 quokka skeletons
  10 rats
172 creatures vanquished.

Vanquished Creatures (others)
  A crimson imp (D:6)
1 creature vanquished.

Grand Total: 173 creatures vanquished
